 Dungeon Crawl Stone Soup version 0.24.0-125-gc4c63601f3 (webtiles) character file.

Game seed: 17772041211779071016, levelgen mode: deterministic

170 Frank2 the Cudgeler (level 5, -2/40 HPs)
             Began as a Demonspawn Gladiator on Mar 13, 2020.
             Slain by a worker ant (4 damage)
             ... on level 4 of the Dungeon.
             The game lasted 00:02:39 (1997 turns).

Frank2 the Cudgeler (Demonspawn Gladiator)          Turns: 1997, Time: 00:02:40

Health: -2/40      AC:  7    Str: 14    XL:     5   Next: 25%
Magic:  0/5        EV: 12    Int:  9    God:
Gold:   105        SH:  0    Dex: 16    Spells: 4/4 levels left

rFire    . . .     SeeInvis .   a - +0 flail
rCold    . . .     Gourm    .   (no shield)
rNeg     . . .     Faith    .   e - +0 ring mail
rPois    .         Spirit   +   c - +1 helmet
rElec    .         Reflect  .   (no cloak)
rCorr    .         Harm     .   (no gloves)
MR       .....                  (no boots)
Stlth    +.........             (no amulet)
HPRegen  0.13/turn              (no ring)
MPRegen  0.09/turn              (no ring)

@: lethally poisoned (-2 -> -4)
A: claws 1, magic shield
a: no special abilities


You were on level 4 of the Dungeon.
You were not hungry.

You visited 1 branch of the dungeon, and saw 4 of its levels.

You collected 105 gold pieces.

Inventory:

Hand Weapons
 a - a +0 flail (weapon)
Armour
 c - a +1 helmet (worn)
 e - a +0 ring mail (worn)
Jewellery
 n - an uncursed ring of see invisible {unknown}
Wands
 b - a wand of enslavement (4)
Scrolls
 g - a scroll of teleportation
 i - 4 scrolls of identify
 j - 2 scrolls of remove curse
Potions
 h - 2 potions of lignification {unknown}
 k - a potion of mutation {unknown}
 l - 3 potions of curing {unknown}
Comestibles
 f - 5 rations
 m - 3 chunks of flesh


   Skills:
 + Level 2.8 Fighting
 + Level 4.2 Maces & Flails
 - Level 1.7 Throwing
 + Level 1.5 Armour
 + Level 3.3 Dodging


You had 4 spell levels left.
You didn't know any spells.
Your spell library was empty.

Dungeon Overview and Level Annotations

Branches:
Dungeon (4/15)
 Temple: D:4-7

Altars:
Trog
Yredelemnul
The Shining One


Innate Abilities, Weirdness & Mutations

You have sharp fingernails.
When hurt, damage is shared between your health and your magic reserves.


Message History

The water moccasin skeleton closely misses you.
You completely miss the water moccasin skeleton.
The water moccasin skeleton is lightly damaged.
The water moccasin skeleton bites you.
* * * LOW HITPOINT WARNING * * *
You barely miss the water moccasin skeleton.
The water moccasin skeleton is lightly damaged.
The water moccasin skeleton bites you.
* * * LOW HITPOINT WARNING * * *
The worker ant misses you.
The water moccasin skeleton barely misses you.
Throwing (i - inventory)
d - a throwing net (quivered)
Press: ? - help, Shift-Dir - straight line, f - water moccasin skeleton
Aim: a water moccasin skeleton (lightly damaged)
You throw a throwing net.
The throwing net hits the water moccasin skeleton.
The water moccasin skeleton is caught in the net!
The water moccasin skeleton is lightly damaged.
The worker ant bites you.
You die...

....... #.
....... ..
....... ##.
....... ..
....... .#
.......#.#
.........#
#######Z##
##@####
...#.a...##
...........##
..........<.#
........(....#
(............#
...............
.............###
...........##


You could see a worker ant and a water moccasin skeleton (caught).

Vanquished Creatures
  A scorpion (D:4)
  An orc priest (D:3)
  2 adders
  An ooze (D:2)
  A worm (D:3)
  3 dart slugs
  A leopard gecko (D:2)
  4 orcs (D:3)
  A giant cockroach (D:2)
  4 goblins
  6 hobgoblins
  7 kobolds
  2 quokkas (D:2)
  A ball python (D:2)
  9 bats
  7 frilled lizards
  9 rats
60 creatures vanquished.

Notes
Turn   | Place    | Note
-------+----------+-------------------------------------------
     0 | D:1      | Frank2 the Demonspawn Gladiator began the quest for the
                  | Orb.
     0 | D:1      | Reached XP level 1. HP: 16/16 MP: 1/1
   183 | D:1      | Reached skill level 3 in Maces & Flails
   183 | D:1      | Gained mutation: You have sharp fingernails. [demonic
                  | ancestry]
   183 | D:1      | Reached XP level 2. HP: 22/22 MP: 2/2
   900 | D:2      | Reached XP level 3. HP: 28/28 MP: 3/3
  1411 | D:2      | Found a glowing golden altar of the Shining One.
  1444 | D:2      | Found a basalt altar of Yredelemnul.
  1450 | D:2      | Noticed an angel
  1527 | D:3      | Gained mutation: When hurt, damage is shared between your
                  | health and your magic reserves. [demonic ancestry]
  1527 | D:3      | Reached XP level 4. HP: 29/34 MP: 4/4
  1582 | D:3      | Found a bloodstained altar of Trog.
  1678 | D:3      | Reached skill level 1 in Armour
  1782 | D:3      | Reached skill level 4 in Maces & Flails
  1993 | D:4      | Reached XP level 5. HP: 9/40 MP: 2/5
  1996 | D:4      | HP: 2/40 [water moccasin skeleton (2)]
  1997 | D:4      | Slain by a worker ant

Levels and vault maps discovered:
D:1:      dpeg_arrival_fog, layout_basic, minmay_indecisive_spiral
D:2:      layout_loops_ring, grunt_temple_overflow_holy_war, first_ration
D:3:      layout_rooms, lemuel_round_altar
D:4:      layout_rooms, gup_sewer_entry_bowl

Skill      XL: |  1  2  3  4 |
---------------+-------------+-----
Maces & Flails | 3 4 |  4.2
Dodging        | 3 |  3.3
Armour         | 1 |  1.5
Fighting       | |  2.8
Throwing       | |  1.7

Action                   |  1- 3 |  4- 6 || total
-------------------------+-------+-------++-------
Melee: Flail             |   165 |    42 ||   207
Throw: Throwing net      |       |     3 ||     3
  Use: Scroll            |     5 |       ||     5
 Stab: Sleeping          |     1 |       ||     1
  Eat: Chunk             |     2 |     2 ||     4
Armor: Ring mail         |    69 |    24 ||    93
Dodge: Dodged            |   120 |    32 ||   152
